 Dungeon Crawl Stone Soup version 0.19.0-16-g73b5abf (webtiles) character file.

9380 KarmaPolice the Anamnesiscian (level 11, -5/79 HPs)
             Began as a Red Draconian Wanderer on Nov 10, 2016.
             Was an Elder of Hepliaklqana.
             Slain by a wraith (11 damage)
             ... led by Josephine
             ... on level 11 of the Dungeon.
             The game lasted 00:41:08 (10281 turns).

KarmaPolice the Anamnesiscian (DrWn)               Turns: 10281, Time: 00:41:09

Health: -5/79      AC:  9    Str: 18    XL:     11   Next: 22%
Magic:  18/22      EV: 15    Int: 12    God:    Hepliaklqana [****..]
Gold:   743        SH:  0    Dex: 11    Spells: 0 memorised, 25 levels left

rFire  + . .     SeeInvis .     J - +3 shortbow
rCold  . . .     Gourm    .     (armour unavailable)
rNeg   . . .     Faith    .     (shield currently unavailable)
rPois  .         Spirit   .     (helmet restricted)
rElec  .         Reflect  .     p - +0 cloak
rCorr  .         Harm     .     y - +0 pair of gloves
MR     .....                    (no boots)
Stlth  +.........               e - amulet of regeneration
                                (no ring)
                                (no ring)

@: slowed, heavily drained, very slow
A: breathe fire, unfitting armour, reduced essence, fire resistance 1,
cold-blooded, AC +7
a: Breathe Fire, Recall Ancestor, Ancestor Identity, Transference, Idealise,
Renounce Religion


You were on level 11 of the Dungeon.
You worshipped Hepliaklqana.
Hepliaklqana was greatly pleased with you.
You were not hungry.

You visited 1 branch of the dungeon, and saw 11 of its levels.

You collected 743 gold pieces.

Inventory:

Hand Weapons
 J - a +3 shortbow (weapon)
 K - a +3 trident
 S - the +8 long sword "Zeos Qox" {slice, rC+ Stlth+}
   (You found it on level 10 of the Dungeon)

   It inflicts extra damage upon your enemies.
   It protects you from cold.
   It makes you more stealthy.
Missiles
 b - 110 arrows (quivered)
Armour
 p - a +0 cloak (worn)
 y - a +0 pair of gloves (worn)
Jewellery
 e - an amulet of regeneration (around neck)
 C - a +2 amulet of reflection
 H - an uncursed ring of protection from fire {unknown}
 R - a +4 ring of strength {unknown}
 T - a cursed ring of loudness {unknown}
Wands
 n - a wand of random effects (38/48)
 N - a wand of teleportation (2/9)
 O - a wand of iceblast (0/15)
 Q - a wand of iceblast (10/15)
Scrolls
 i - 4 scrolls of identify
 m - 6 scrolls of remove curse
 o - 2 scrolls of magic mapping
 s - 5 scrolls of enchant armour
 t - 4 scrolls of teleportation {unknown}
 v - a scroll of enchant weapon {unknown}
 w - 3 scrolls of amnesia {unknown}
 x - 2 scrolls of blinking {unknown}
 A - a scroll of torment
 B - a scroll of random uselessness {unknown}
 E - 2 scrolls of recharging {unknown}
 F - a scroll of noise {unknown}
 G - 2 scrolls of fear {unknown}
 M - a scroll of summoning {unknown}
Potions
 c - 5 potions of curing
 d - 3 potions of lignification
 h - a potion of might
 j - 3 potions of flight
 l - 4 potions of agility
 r - a potion of brilliance {unknown}
 u - 6 potions of degeneration {unknown}
 z - 2 potions of resistance {unknown}
 I - a potion of heal wounds {unknown}
 P - 2 potions of berserk rage {unknown}
 U - a potion of invisibility {unknown}
Comestibles
 a - 5 chunks of flesh
 f - 9 bread rations
 g - 6 meat rations
 k - 2 fruits
 q - 4 beef jerkies
 D - a royal jelly
 L - 8 slices of pizza


   Skills:
 - Level 5.2(3.8) Fighting
 + Level 3.2(1.9) Long Blades
   Level 2.0(0.7) Maces & Flails
 - Level 4.0(2.7) Polearms
 - Level 3.0(1.7) Bows
 + Level 8.5(6.9) Dodging
 - Level 1.0(0.0) Stealth
   Level 1.0(0.0) Shields
 - Level 2.8(1.5) Unarmed Combat
 + Level 7.6(6.1) Spellcasting
 + Level 9.1(7.6) Invocations
 - Level 5.1(3.7) Evocations


You had 25 spell levels left.
You didn't know any spells.

Dungeon Overview and Level Annotations

Branches:
Dungeon (11/15)            Temple (0/1) D:4            Lair (0/6) D:11
    Orc (0/2) D:10

Altars:
Cheibriados
Dithmenos
Elyvilon
Gozag
Hepliaklqana
Kikubaaqudgha
Nemelex Xobeh
Qazlal
Sif Muna
Trog
Uskayaw
Vehumet

Shops:
D:10 (

Annotations:
D:11 Josephine


Innate Abilities, Weirdness & Mutations

You can breathe blasts of fire.
Your fiery red scales are hard. (AC +7)
You cannot fit into any form of body armour.
Your flesh is heat resistant. (rF+)
You are cold-blooded and may be slowed by cold attacks.
Your life essence is reduced. (-10% HP)


Message History

* * * LOW HITPOINT WARNING * * *
The wraith closely misses Huemac.
The wraith barely misses you.
Huemac hits the wraith with a quarterstaff!
The wraith is destroyed!
The wraith hits you but does no damage. Josephine completely misses you.
The wraith hits Huemac.
The wraith drains Huemac's vigour!
Huemac seems to slow down.
Josephine hits you with a dagger of freezing!
* * * LOW HITPOINT WARNING * * *
Josephine freezes you.
* * * LOW HITPOINT WARNING * * *
You have got your breath back.
Select a target.
Press: ? - help, Dir - move target cursor, f/p - Josephine
Aim: Josephine, wielding a dagger of freezing and wearing a glowing robe (severely wounded)
The floor.
Josephine swaps with Huemac!
The wraith closely misses you. The wraith hits you!
You die...

.#................#...#
.#......##........#...#
.#................###.#
.##........######'###.######
..#..###...#...............#
..#........##########'####+#
..#########..................
.)........#.........########.
###########....W@..........
.. ........W########### .#
#########.R# .. .......?.@.#
## #+####.(W### #..(# #.((#
#.#(# ## #...#


You could see the friendly Huemac the battlemage, Josephine and 3 wraiths.

Vanquished Creatures
  2 molten gargoyles (D:9)
  A two-headed ogre (D:9)
  Sigmund (D:2)
  A wyvern (D:9)
  A wraith (D:11)
  A black bear (D:10)
  2 ice beasts
  A phantom (D:6)
  A necrophage (D:8)
  An ogre (D:10)
  2 centaurs (D:9)
  A crocodile (D:10)
  2 bullfrogs
  2 water moccasin zombies (D:8)
  A scorpion (D:7)
  4 killer bees
  A crimson imp (D:5)
  A bullfrog skeleton (D:4)
  4 hounds
  5 orc priests
  4 orc wizards (D:10)
  Terence (D:2)
  An iguana (D:4)
  6 worker ants
  A worker ant zombie (D:9)
  6 gnolls
  12 adders
  A shadow imp (D:7)
  An ooze (D:6)
  3 worms
  2 dart slugs (D:1)
  2 leopard geckos
  28 orcs
  8 bats
  3 giant cockroaches
  5 hobgoblins
  5 jackals
  5 quokkas
  2 ball pythons
  6 frilled lizards
  12 goblins
  A jackal skeleton (D:5)
  5 kobolds
  A quokka skeleton (D:9)
  12 rats
168 creatures vanquished.

Vanquished Creatures (collateral kills)
  An unseen horror (D:11)
  Pikel (D:7)
  A hill giant (D:11)
  2 molten gargoyles (D:9)
  A komodo dragon (D:10)
  3 hippogriffs
  2 wraiths
  3 yaks
  Duvessa (D:7)
  An ice beast (D:10)
  A sky beast (D:7)
  A slave (D:6)
  3 orc warriors
  A phantom (D:4)
  An ogre (D:6)
  2 centaurs
  Blork the orc (D:8)
  A big kobold (D:7)
  2 bullfrogs
  A gnoll sergeant (D:8)
  Dowan (D:7)
  2 scorpions
  5 killer bees
  2 crimson imps
  2 gnoll shamans
  2 hounds (D:6)
  2 jellies
  A bullfrog zombie (D:6)
  A centaur skeleton (D:10)
  3 orc wizards
  2 quasits
  An orc priest (D:7)
  5 worker ants
  A hound skeleton (D:8)
  14 gnolls
  An adder (D:6)
  2 leopard geckos
  7 orcs
  2 giant cockroaches
  A goblin (D:3)
  2 jackals (D:7)
  2 quokkas
  8 kobolds
  A quokka skeleton (D:6)
  A rat (D:2)
101 creatures vanquished.

Vanquished Creatures (others)
  A centaur (D:7)
  A bullfrog (D:7)
  2 battlemagi (D:9)
  2 ancestors
  A giant cockroach (D:7)
7 creatures vanquished.

Grand Total: 276 creatures vanquished

Notes
Turn   | Place    | Note
-------+----------+-------------------------------------------
     0 | D:1      | KarmaPolice the Draconian Wanderer began the quest for the Orb.
     0 | D:1      | KarmaPolice set off with: a +2 shortbow, 24 arrows, a potion of curing, a potion of lignification, a bread ration
     0 | D:1      | Reached XP level 1. HP: 19/19 MP: 1/1
   138 | D:1      | Reached XP level 2. HP: 26/26 MP: 2/2
   366 | D:1      | Reached skill level 1 in Dodging
   704 | D:1      | Reached XP level 3. HP: 28/33 MP: 3/3
   904 | D:2      | Noticed Terence
   920 | D:2      | Killed Terence
   920 | D:2      | Reached skill level 1 in Unarmed Combat
  1142 | D:2      | Reached XP level 4. HP: 35/40 MP: 4/4
  1278 | D:2      | Noticed Sigmund
  1367 | D:2      | Found a hazy altar of Hepliaklqana.
  1376 | D:2      | Became a worshipper of Hepliaklqana the Forgotten
  1379 | D:2      | Found a sparkling altar of Nemelex Xobeh.
  1380 | D:2      | Found an opulent altar of Gozag.
  1383 | D:2      | Found a stormy altar of Qazlal.
  1384 | D:2      | Found a bloodstained altar of Trog.
  1765 | D:2      | Killed Sigmund
  1765 | D:2      | Reached skill level 5 in Fighting
  1765 | D:2      | Reached XP level 5. HP: 39/43 MP: 5/5
  1765 | D:2      | Reached XP level 6. HP: 45/50 MP: 6/6
  2408 | D:3      | Found a snail-covered altar of Cheibriados.
  2664 | D:3      | Found a shadowy altar of Dithmenos.
  2702 | D:4      | Reached skill level 1 in Invocations
  2733 | D:4      | Reached skill level 1 in Spellcasting
  2836 | D:4      | Reached skill level 2 in Invocations
  2867 | D:4      | Found a radiant altar of Vehumet.
  3011 | D:4      | Your scales start taking on a fiery red colour.
  3011 | D:4      | Reached XP level 7. HP: 54/54 MP: 9/9
  3011 | D:4      | Gained mutation: Your flesh is heat resistant. (rF+) [Red Draconian growth]
  3156 | D:4      | Reached * piety under Hepliaklqana
  3450 | D:4      | Found a staircase to the Ecumenical Temple.
  3866 | D:5      | Entered Level 5 of the Dungeon
  4126 | D:5      | Reached ** piety under Hepliaklqana
  4127 | D:5      | Remembered your ancestor Huemac as a battlemage
  4265 | D:5      | Reached skill level 3 in Invocations
  5205 | D:6      | Reached skill level 1 in Evocations
  5205 | D:6      | Reached XP level 8. HP: 54/61 MP: 12/12
  5270 | D:6      | Reached skill level 4 in Invocations
  5433 | D:6      | Reached skill level 5 in Dodging
  5574 | D:6      | Found a white marble altar of Elyvilon.
  6181 | D:7      | Noticed a hippogriff
  6188 | D:7      | Killed a hippogriff
  6220 | D:7      | Noticed Pikel
  6375 | D:7      | Killed Pikel
  6375 | D:7      | Reached skill level 5 in Invocations
  6375 | D:7      | Reached XP level 9. HP: 46/66 MP: 15/15
  6744 | D:7      | Reached skill level 6 in Invocations
  6812 | D:7      | Reached skill level 5 in Spellcasting
  6899 | D:7      | Noticed Duvessa
  6899 | D:7      | Noticed Dowan
  6905 | D:7      | Killed Duvessa
  6908 | D:7      | Killed Dowan
  7032 | D:8      | Reached *** piety under Hepliaklqana
  7091 | D:8      | Found a hide-covered altar of Uskayaw.
  7161 | D:8      | Reached skill level 5 in Evocations
  7356 | D:8      | Reached skill level 1 in Polearms
  7577 | D:8      | Reached skill level 7 in Invocations
  7666 | D:8      | Noticed Blork the orc
  7675 | D:8      | Killed Blork the orc
  7682 | D:8      | Found a deep blue altar of Sif Muna.
  8007 | D:9      | Reached XP level 10. HP: 63/72 MP: 18/18
  8073 | D:9      | Noticed a molten gargoyle
  8257 | D:9      | Killed a molten gargoyle
  8331 | D:9      | Found a faded altar of an unknown god.
  8331 | D:9      | Found a faded altar of an unknown god.
  8346 | D:9      | Found an ancient bone altar of Kikubaaqudgha.
  8348 | D:9      | Found a faded altar of an unknown god.
  8349 | D:9      | Found a faded altar of an unknown god.
  8411 | D:9      | Noticed a molten gargoyle
  8417 | D:9      | Killed a molten gargoyle
  8427 | D:9      | Noticed a molten gargoyle
  8429 | D:9      | Noticed a molten gargoyle
  8762 | D:9      | Killed a molten gargoyle
  8769 | D:9      | Killed a molten gargoyle
  8769 | D:9      | Reached skill level 8 in Invocations
  8845 | D:9      | Reached **** piety under Hepliaklqana
  9303 | D:10     | Entered Level 10 of the Dungeon
  9309 | D:10     | Got a faintly glowing long sword
  9310 | D:10     | Identified the +8 long sword "Zeos Qox" {slice, rC+ Stlth+} (You found it on level 10 of the Dungeon)
  9381 | D:10     | Found a staircase to the Orcish Mines.
  9434 | D:10     | Reached skill level 1 in Long Blades
  9670 | D:10     | Found Cihum's Weapon Boutique.
 10058 | D:10     | Reached XP level 11. HP: 45/79 MP: 18/21
 10148 | D:11     | Found a staircase to the Lair.
 10156 | D:11     | Noticed a hill giant
 10167 | D:11     | Killed a hill giant
 10217 | D:11     | Killed an unseen horror
 10217 | D:11     | Reached skill level 9 in Invocations
 10265 | D:11     | Noticed Josephine
 10281 | D:11     | Slain by a wraith

Skill      XL: |  1  2  3  4  5  6  7  8  9 10 11 |
---------------+----------------------------------+-----
Bows           | 3 |  3.0
Dodging        | 1 2 3 4 5 7 8 |  8.5
Fighting       | 4 5 |  5.2
Unarmed Combat | 1 2 |  2.8
Invocations    | 2 3 5 7 8 9 |  9.1
Spellcasting   | 1 3 4 5 7 |  7.6
Evocations     | 1 3 5 |  5.1
Polearms       | 2 4 |  4.0
Long Blades    | 2 3 |  3.2
Maces & Flails | |  2.0
Stealth        | |  1.0
Shields        | |  1.0

Action                   |  1- 3 |  4- 6 |  7- 9 | 10-12 || total
-------------------------+-------+-------+-------+-------++-------
Melee: Unarmed           |   112 |    34 |     5 |       ||   151
       Tailslap          |    10 |     4 |     6 |    11 ||    31
       Shortbow          |       |     1 |       |       ||     1
       Trident           |       |       |    62 |    10 ||    72
       Long sword        |       |       |       |    60 ||    60
 Fire: Shortbow          |    44 |   125 |   239 |   119 ||   527
Invok: Recall Ancestor   |       |     4 |     7 |    11 ||    22
       Ancestor Life: Ba |       |       |     1 |       ||     1
       Idealise          |       |       |       |     1 ||     1
       Transference      |       |       |       |     1 ||     1
 Abil: Breathe Fire      |       |       |     3 |     2 ||     5
Evoke: Wand              |       |       |       |     6 ||     6
  Use: Scroll            |       |       |     6 |     2 ||     8
 Stab: Sleeping          |     1 |     1 |     1 |     1 ||     4
       Distracted        |       |       |       |     1 ||     1
  Eat: Chunk             |     1 |     6 |    15 |     8 ||    30
Armor: Skin              |    50 |    20 |    75 |    51 ||   196
Dodge: Dodged            |    76 |    55 |   255 |   136 ||   522
       Rpst.: Long sword |       |       |       |    10 ||    10
